 Dungeon Crawl Stone Soup version 0.26.0-45-g9c1d065592 (webtiles) character file.

Game seed: 13755017890528898837

199 swilekon the Grave Robber (level 5, 0/31 HPs)
             Began as an Octopode Necromancer on Jan 29, 2021.
             Slain by an orc
             ... wielding a +0 club
              (5 damage)
             ... on level 3 of the Dungeon.
             The game lasted 00:14:25 (5287 turns).

swilekon the Grave Robber (Octopode Necromancer)    Turns: 5287, Time: 00:14:25

Health: 0/31       AC:  1    Str:  7    XL:     5   Next: 77%
Magic:  9/9        EV: 13    Int: 18    God:
Gold:   203        SH:  4    Dex: 13    Spells: 8/10 levels left

rFire    . . .     SeeInvis .   i - +0 short sword
rCold    . . .     Faith    .   r - +1 buckler
rNeg     . . .     Spirit   .   (helmet restricted)
rPois    .         Reflect  .   (no amulet)
rElec    .         Harm     .   (no ring)
rCorr    .         Rampage  .   (no ring)
Will     .....                  (no ring)
Stlth    ++++......             (no ring)
HPRegen  0.10/turn              (no ring)
MPRegen  0.11/turn              (no ring)
                                (no ring)
                                (no ring)

@: no status effects
A: almost no armour, stealthy swim, amphibious, 8 rings, constrict 8, camouflage
1, gelatinous body 1
a: no special abilities


You were on level 3 of the Dungeon.
You visited 1 branch of the dungeon, and saw 4 of its levels.
You also visited: Sewer.

You collected 203 gold pieces.

Inventory:

Hand Weapons
 i - a +0 short sword (weapon)
Armour
 r - a +1 buckler (worn)
Wands
 k - a wand of iceblast (9)
Scrolls
 b - 4 scrolls of enchant armour
 c - a scroll of magic mapping
 e - 2 scrolls of identify
 f - 3 scrolls of remove curse
 g - 6 scrolls of teleportation
Potions
 a - a potion of brilliance
 h - 4 potions of curing {unknown}
 o - a potion of invisibility {unknown}
 p - a potion of flight {unknown}
 q - a potion of might {unknown}
 s - a potion of attraction {unknown}


   Skills:
 + Level 0.6 Short Blades
 + Level 3.1 Dodging
 + Level 4.5 Stealth
 * Level 3.2 Spellcasting
 * Level 4.9 Necromancy


You had 8 spell levels left.
You knew the following spells:

 Your Spells              Type           Power        Failure   Level
a - Pain                  Necr           80%          3%          1
b - Animate Skeleton      Necr           40%          3%          1

Your spell library contained the following spells:

 Spells                   Type           Power        Failure   Level
 Vampiric Draining        Necr           10%          11%         3
 Animate Dead             Necr           10%          34%         4
 Agony                    Necr           20%          69%         5


Dungeon Overview and Level Annotations

Branches:
Dungeon (4/15)              Sewer (visited)
 Temple: D:4-7

Altars:
Gozag
Qazlal


Innate Abilities, Weirdness & Mutations

You cannot wear most types of armour.
You are very stealthy in the water. (Stealth+)
You are amphibious.
You can wear up to eight rings at the same time.
You can use your tentacles to constrict eight enemies at once.
Your skin changes colour to match your surroundings (Stealth+).
Your rubbery body absorbs attacks. (AC +1, EV +1)


Message History

You barely miss the orc.
The orc is severely wounded.
You constrict the orc, but do no damage.
The orc closely misses you. The orc hits you with a +0 flail.
You barely miss the orc.
The orc is severely wounded.
You constrict the orc, but do no damage.
The orc hits you with a +0 club.
You are too injured to fight recklessly!
You completely miss the orc. You squeeze the orc, but do no damage.
The orc is severely wounded.
You constrict the orc. The orc hits you with a +0 flail!
* * * LOW HITPOINT WARNING * * *
The orc misses you.
You hit the orc but do no damage.
The orc is severely wounded.
You constrict the orc.
You kill the orc!
The orc hits you with a +0 club.
You die...

######### #.......#
#.#####.# #.# #.#
################.#####.#
#......................#
#......................#
#......)...............#
#......@o.......)......#
#....###....#########...
#....#..............#..#
#....#......÷.......#...
#....#..............#...
#..†.#...#########..#...
#....#...#.......#..#...
#...^#...#.....#.#..#...
#....#...#.....#.#..#...


You could see an orc.

Vanquished Creatures
  Terence (D:2)
  A gnoll (D:1)
  6 adders (D:2)
  4 oozes (Sewer)
  5 worms
  A dart slug (D:2)
  6 leopard geckos
  An orc (D:3)
  2 ball pythons
  14 bats
  3 giant cockroaches
  A goblin (D:2)
  8 hobgoblins
  7 jackals
  9 frilled lizards
  5 kobolds
  7 rats
81 creatures vanquished.

Vanquished Creatures (collateral kills)
  A worm (D:3)
  A rat (D:2)
2 creatures vanquished.

Grand Total: 83 creatures vanquished

Notes
Turn   | Place    | Note
-------+----------+-------------------------------------------
     0 | D:1      | swilekon the Octopode Necromancer began the quest for the
                  | Orb.
     0 | D:1      | Reached XP level 1. HP: 11/11 MP: 3/3
   251 | D:1      | Reached XP level 2. HP: 17/17 MP: 1/5
   467 | D:1      | Learned a level 1 spell: Animate Skeleton
   668 | D:1      | Reached XP level 3. HP: 19/21 MP: 4/6
  1394 | D:2      | Reached XP level 4. HP: 13/27 MP: 7/7
  1766 | D:2      | Noticed Terence
  1793 | D:2      | Killed Terence
  2447 | D:2      | Reached XP level 5. HP: 6/31 MP: 6/9
  2726 | D:2      | Noticed a phantom
  3064 | D:2      | Found a stormy altar of Qazlal.
  3066 | D:2      | Noticed an air elemental
  3067 | D:2      | Noticed a water elemental
  3067 | D:2      | Noticed a fire elemental
  3324 | D:3      | Found a faded altar of an unknown god.
  3496 | D:3      | Found a glowing drain.
  3500 | Sewer    | Entered a sewer
  5000 | D:3      | Found an opulent altar of Gozag.
  5287 | D:3      | Slain by an orc

Illustrated notes

Levels and vault maps discovered:
D:1:      tarquinn_simple_flora_water_d, layout_basic, minmay_tetromino_l4
D:2:      layout_basic, nicolae_qazlal_style_of_elements, uniq_terence
D:3:      layout_basic, gup_sewer_entry_bowl, chequers_ecumenical_altar_simple,
          serial_park_tiny_1, grunt_gozag_breadcrumbs
D:4:      layout_rooms, lemuel_flame_loot_1

Skill      XL: |  1  2  3  4  5 |
---------------+----------------+-----
Stealth        | 3 4 |  4.5
Dodging        | 3 |  3.1
Spellcasting   | 3 |  3.2
Short Blades   | |  0.6
Necromancy     | |  4.9

Action                   |  1- 3 |  4- 6 || total
-------------------------+-------+-------++-------
Melee: Unarmed           |    56 |    23 ||    79
       Constrict         |    12 |    30 ||    42
       Tentacles         |     7 |    29 ||    36
       Short sword       |       |   127 ||   127
 Cast: Pain              |    19 |    29 ||    48
       Animate Skeleton  |     3 |     5 ||     8
  Use: Potion            |     4 |       ||     4
       Scroll            |       |     9 ||     9
 Stab: Sleeping          |     1 |    10 ||    11
       Distracted        |       |     1 ||     1
Armor: Skin              |    17 |    11 ||    28
Dodge: Dodged            |    35 |   101 ||   136
Block: Buckler           |       |     2 ||     2
